 Dungeon Crawl Stone Soup version 0.16-a0-328-gfd822c7 (webtiles) character file.

5221 Ratboiler the Martial Artist (level 10, -8/66 HPs)
             Began as an Octopode Transmuter on Sept 6, 2014.
             Was an Initiate of Gozag.
             Mangled by a troll (14 damage)
             ... on Level 9 of the Dungeon.
             The game lasted 00:45:00 (12113 turns).

Ratboiler the Martial Artist (Octopode Transmuter) Turns: 12113, Time: 00:45:00

HP  -8/66        AC  1     Str 11      XL: 10   Next: 61%
MP  12/16        EV 16     Int 15      God: Gozag
Gold 334         SH  0     Dex 15      Spells:  4 memorised,  2 levels left

rFire  . . .     SeeInvis .       - Unarmed
rCold  . . .     Clarity  +     (shield currently unavailable)
rNeg   + . .     rCorr    .     (helmet restricted)
rPois  .         rRot     .     o - amulet of the Four Winds {Clar rN+ MR+++}
rElec  .         Spirit   .     (no ring)
SustAb .         Warding  .     (no ring)
rMut   .         Stasis   .     (no ring)
Gourm  .                        (no ring)
MR     +++..                    (no ring)
                                (no ring)
                                (no ring)
                                (no ring)

@: about to teleport, blade tentacles, extremely resistant to hostile
enchantments, stealthy
A: almost no armour, amphibious, 8 rings, constrict 8, camouflage 1, gelatinous
body 1
a: End Transformation, Potion Petition, Call Merchant, Bribe Branch, Renounce
Religion


You were on level 9 of the Dungeon.
You worshipped Gozag.
Gozag was noncommittal.
You were hungry.
Your tentacles were blades.
You visited 2 branches of the dungeon, and saw 10 of its levels.
You also visited: Sewer and Ossuary.

You collected 596 gold pieces.
You paid 262 gold pieces to Gozag.

Inventory:

Hand weapons
 j - a +3 dagger
 B - a +4 dagger of distortion
Missiles
 b - 132 arrows
 f - 9 needles of confusion
 k - 8 javelins (quivered)
 l - 48 poisoned needles
 y - 16 arrows of frost
 H - 4 poisoned javelins
Magical devices
 a - a wand of fireball (0)
 n - a wand of hasting (3)
 A - a wand of fire (0)
 C - a wand of teleportation (5)
Comestibles
 D - a slice of pizza
 E - a meat ration
Scrolls
 e - 3 scrolls of remove curse
 i - a scroll of blinking
 q - a scroll of teleportation
 v - a scroll of identify
 G - a scroll of noise {unknown}
Jewellery
 g - an uncursed ring of fire
 o - the amulet of the Four Winds (around mantle) {Clar rN+ MR+++}
   (You found it on level 7 of the Dungeon)

   [amulet of clarity]

   It provides mental clarity.
   It protects you from negative energy.
   It affects your resistance to hostile enchantments.
 p - an uncursed amulet of faith
 F - an uncursed amulet of guardian spirit {unknown}
Potions
 c - 2 potions of restore abilities
 h - 4 potions of flight
 m - 2 potions of brilliance
 r - 2 potions of might
 s - 2 potions of heal wounds
 t - 3 potions of haste {unknown}
 u - a potion of magic
 x - a potion of lignification
 z - a potion of invisibility
Books
 d - a book of Changes

   Spells                             Type                      Level
   *Beastly Appendage                 Transmutation                1
   *Sticks to Snakes                  Transmutation                2
   *Spider Form                       Transmutation/Poison         3
   Ice Form                           Ice/Transmutation            4
   *Blade Hands                       Transmutation                5


   Skills:
 - Level 5.2 Fighting
 + Level 7.4 Dodging
 - Level 4.5 Stealth
 + Level 10.4 Unarmed Combat
 - Level 2.0 Spellcasting
 + Level 7.2 Transmutations


You had 2 spell levels left.
You knew the following spells:

 Your Spells              Type           Power        Failure   Level  Hunger
a - Beastly Appendage     Trmt           ###...       17%         1    #......
b - Sticks to Snakes      Trmt           ###.......   21%         2    ###....
c - Spider Form           Trmt/Pois      ##........   58%         3    ####...
d - Blade Hands           Trmt           ###.......   77%         5    ######.


Dungeon Overview and Level Annotations

Branches:
Dungeon (9/15)             Temple (1/1) D:7
    Orc: D:9-12        Lair: D:8-11

Altars:
Ashenzari
Cheibriados
Dithmenos
Elyvilon
Fedhas
Gozag
Kikubaaqudgha
Makhleb
Nemelex Xobeh
Okawaru
Qazlal
Sif Muna
Trog
Vehumet
Xom
Yredelemnul
Zin
The Shining One

Shops:
D:8 =

Annotations:
D:4 Menkaure; namnaref's ghost, average GrWz
D:5 Grinder


Innate Abilities, Weirdness & Mutations

You cannot wear most types of armour.
You are amphibious.
You can wear up to eight rings at the same time.
You can use your tentacles to constrict many enemies at once.
Your skin changes colour to match your surroundings (Stealth).
Your rubbery body absorbs attacks (AC +1).


Message History

The troll bites you. The troll claws you. The troll barely misses you.
You barely miss the troll. You barely miss the troll. The troll bites you!
The troll closely misses you. The troll claws you.
You hit the troll. You squeeze the troll.
The troll is lightly wounded.
The troll bites you! The troll completely misses you.
The troll barely misses you.
You slash the troll! Your squeeze misses the troll.
The troll is moderately wounded.
The troll bites you. The troll claws you.
* * * LOW HITPOINT WARNING * * *
The troll barely misses you.
Read which item? (? for menu, Esc to quit)
As you read the scroll of teleportation, it crumbles to dust.
You feel strangely unstable. The troll bites you!!
* * * LOW HITPOINT WARNING * * *
The troll claws you!
You die...
Your body crumbles into a pile of gold.

#### *,* *,**#* #.############.
*,* *,,..* #.############. *,*
***#.* #......T))..##. *,* #o*
#########)..#.. *,******#.*
#........... *,,,,,,*#%*
#........#.. ******,*#.*
#..###.#.#.. ## #.##.######..#
#.#.#.# .# #....@T......###.#.#.#
.# ###.#..............#.# .#
#...#####..##....#.# .# ##.##**
#...........
.##############..,,**#####....#..
..........)...#.#,,**,*,*####....
#############.#.#,,,,*,*,*,,#.##.
#.#.#*,**,*,*+,,#.#.. ***
#.#.#*,*,*,*,***#....


You could see a troll and an orc (sleeping).

Vanquished Creatures
  Pikel (D:8)
  Psyche (D:8)
  Eustachio (D:6)
  Grum (D:8)
  2 wolves (D:8)
  2 orc warriors (D:6)
  A water moccasin (D:8)
  2 slaves (D:8)
  An ice beast (D:8)
  2 phantoms
  A yellow wasp (D:8)
  3 sky beasts
  A black bear (D:9)
  A necrophage (D:7)
  Duvessa (D:6)
  5 giant frogs
  3 big kobolds (Sewer)
  2 centaurs
  3 wights (D:8)
  A scorpion (D:5)
  Dowan (D:6)
  12 killer bees
  A centaur zombie (Ossuary)
  2 orc priests (D:5)
  A quasit (D:6)
  5 crimson imps
  An iguana (D:5)
  An iron imp (D:4)
  A centaur skeleton (D:7)
  A two-headed ogre skeleton (D:8)
  5 hounds
  6 orc wizards
  6 worker ants
  A killer bee zombie (D:6)
  Jessica (D:3)
  4 gnolls
  4 green rats (Sewer)
  16 adders
  2 giant mites
  6 worms
  2 shadow imps
  An iguana zombie (D:5)
  2 adder skeletons
  An iguana skeleton (D:5)
  2 oozes (Sewer)
  17 orcs
  A bat zombie (D:6)
  2 giant cockroaches
  10 goblins
  19 hobgoblins
  8 jackals
  4 quokkas
  9 ball pythons
  13 bats
  8 giant geckos
  7 giant newts
  A hobgoblin skeleton (D:4)
  2 hobgoblin zombies (Ossuary)
  19 kobolds
  8 kobold zombies (Ossuary)
  13 orc zombies
  7 rats
268 creatures vanquished.

Vanquished Creatures (others)
  A slave (D:8)
  An orc (D:6)
2 creatures vanquished.

Grand Total: 270 creatures vanquished

Notes
Turn   | Place    | Note
--------------------------------------------------------------
     0 | D:1      | Ratboiler, the Octopode Transmuter, began the quest for the Orb.
     0 | D:1      | Reached XP level 1. HP: 13/13 MP: 3/3
   240 | D:1      | Reached XP level 2. HP: 16/18 MP: 2/4
   250 | D:1      | Learned a level 2 spell: Sticks to Snakes
   262 | D:1      | Reached skill level 1 in Stealth
   649 | D:1      | Reached XP level 3. HP: 15/23 MP: 6/6
   654 | D:1      | Learned a level 3 spell: Spider Form
  1064 | D:2      | Found a sparkling altar of Nemelex Xobeh.
  1430 | D:2      | Found a bloodstained altar of Trog.
  1786 | D:2      | Reached XP level 4. HP: 25/28 MP: 5/7
  2458 | D:3      | Reached skill level 4 in Stealth
  2778 | D:3      | Reached XP level 5. HP: 30/33 MP: 7/9
  3103 | D:3      | Noticed Jessica
  3132 | D:3      | Killed Jessica
  3406 | D:4      | Found an iron altar of Okawaru.
  3416 | D:4      | Noticed namnaref's ghost (average GrWz)
  3466 | D:4      | Found a glowing drain.
  3536 | Sewer    | Entered a sewer
  3998 | Sewer    | Reached skill level 5 in Unarmed Combat
  4000 | Sewer    | Reached XP level 6. HP: 31/38 MP: 8/10
  4175 | Sewer    | Reached skill level 6 in Unarmed Combat
  4261 | Sewer    | Reached XP level 7. HP: 27/43 MP: 9/12
  4427 | D:4      | Noticed Menkaure
  4460 | D:5      | Entered Level 5 of the Dungeon
  4493 | D:5      | Found a sand-covered staircase.
  4498 | Ossuary  | Entered an ossuary
  4637 | Ossuary  | Reached skill level 7 in Unarmed Combat
  4963 | D:5      | Found a stormy altar of Qazlal.
  5426 | D:7      | Noticed a hippogriff
  5432 | D:7      | Found a staircase to the Ecumenical Temple.
  5435 | Temple   | Entered the Ecumenical Temple
  5534 | D:7      | Reached skill level 8 in Unarmed Combat
  5555 | D:7      | Reached XP level 8. HP: 36/48 MP: 9/13
  6297 | D:7      | Reached skill level 9 in Unarmed Combat
  6519 | D:6      | Noticed Eustachio
  6538 | D:6      | Killed Eustachio
  6682 | D:6      | Reached skill level 10 in Unarmed Combat
  6695 | D:6      | Learned a level 5 spell: Blade Hands
  6929 | Temple   | Became a worshipper of Gozag Ym Sagoz the Greedy
  7064 | D:7      | Reached XP level 9. HP: 23/53 MP: 7/14
  7374 | D:4      | Noticed a phantom
  7390 | D:4      | Killed a phantom
  8463 | D:6      | Reached skill level 5 in Dodging
  8685 | D:6      | Noticed Grinder
  8730 | D:6      | Noticed Duvessa
  8733 | D:6      | Noticed Dowan
  8753 | D:6      | Reached skill level 5 in Transmutations
  9229 | D:6      | Killed Duvessa
  9263 | D:6      | Killed Dowan
 10181 | D:8      | Found Amuidua's Jewellery Emporium.
 10368 | D:8      | Noticed Pikel
 10445 | D:8      | Killed Pikel
 10445 | D:8      | Reached XP level 10. HP: 50/63 MP: 10/16
 10520 | D:8      | Found a white marble altar of Elyvilon.
 10522 | D:8      | Noticed Grum
 10698 | D:8      | Noticed Psyche
 10709 | D:8      | Killed Psyche
 10993 | D:8      | Reached skill level 5 in Fighting
 11034 | D:8      | Found an ancient bone altar of Kikubaaqudgha.
 11035 | D:8      | Found a shattered altar of Ashenzari.
 11138 | D:8      | Killed Grum
 11269 | D:8      | Found a bloodstained altar of Trog.
 12113 | D:9      | Mangled by a troll

Action                   |  1- 3 |  4- 6 |  7- 9 | 10-12 || total
-------------------------+-------+-------+-------+-------++-------
Melee: Dagger            |    59 |    83 |       |       ||   142
       Unarmed           |     8 |    64 |   389 |   126 ||   587
 Cast: Beastly Appendage |     4 |    13 |    21 |    10 ||    48
       Spider Form       |     1 |     5 |    28 |     7 ||    41
       Blade Hands       |       |       |     1 |     2 ||     3
Invok: Potion Petition   |       |       |       |     1 ||     1
Evoke: Wand              |       |       |     7 |       ||     7
  Use: Scroll            |     1 |     5 |    14 |     2 ||    22
       Potion            |       |       |     4 |     1 ||     5
 Stab: Sleeping          |    12 |     8 |    22 |     6 ||    48
       Distracted        |       |       |     1 |     1 ||     2
       Confused          |       |       |     1 |       ||     1
  Eat: Chunk             |     3 |     9 |     1 |       ||    13
       Fruit             |       |       |     2 |       ||     2
       Meat ration       |       |       |     3 |       ||     3
       Bread ration      |       |       |     3 |       ||     3
